 Dungeon Crawl Stone Soup version 0.31-a0-437-g7cee417757 (webtiles) character file.

Game seed: 8193946960425996669

704 GordonOverkill the Sneak (level 7, -4/46 HPs)
             Began as an Octopode Delver on Aug 2, 2023.
             Slain by a water moccasin (8 damage)
             ... on level 5 of the Dungeon.
             The game lasted 00:15:49 (5882 turns).

GordonOverkill the Sneak (Octopode Delver)          Turns: 5882, Time: 00:15:50

Health: -4/46      AC:  1    Str: 11    XL:     7   Next: 66%
Magic:  11/11      EV: 14    Int: 15    God:
Gold:   290        SH:  0    Dex: 19    Spells: 12/12 levels left

rFire   . . .        h - +2 spear (venom)
rCold   . . .        (no shield)
rNeg    . . .        (helmet restricted)
rPois   .            (no amulet)
rElec   .            q - +6 ring of dexterity
rCorr   .            (no ring)
SInv    .            (no ring)
Will    .....        (no ring)
Stlth   +++++        (no ring)
HPRegen 0.27/turn    (no ring)
MPRegen 0.12/turn    (no ring)
                     (no ring)

%: no passive effects
@: hasted, very quick
A: almost no armour, amphibious, 8 rings, camouflage 1, gelatinous body 1,
(nimble swimmer 1), tentacles
a: no special abilities


You were on level 5 of the Dungeon.
You visited 2 branches of the dungeon, and saw 7 of its levels.

You collected 290 gold pieces.

Inventory:

Hand Weapons
 a - a +0 short sword
 h - a +2 spear of venom (weapon)
 z - a +1 dagger of holy wrath
Missiles
 t - 8 boomerangs (quivered)
 w - 5 poisoned darts
Jewellery
 q - a +6 ring of dexterity (left tentacle)
Talismans
 i - a storm talisman
Wands
 f - a wand of digging (2)
 m - a wand of roots (12)
 p - a wand of polymorph (5)
 y - a wand of mindburst (16)
Scrolls
 b - a scroll of fog
 c - a scroll of revelation
 e - a scroll of poison
 g - a scroll of acquirement {unknown}
 j - 2 scrolls of teleportation
 l - a scroll of amnesia {unknown}
 v - a scroll of immolation {unknown}
 x - 2 scrolls of enchant weapon {unknown}
Potions
 d - a potion of enlightenment
 k - a potion of curing
 n - 2 potions of lignification
 o - a potion of berserk rage
 r - 2 potions of might {unknown}
 s - 3 potions of heal wounds {unknown}
 u - a potion of haste


   Skills:
 - Level 3.2 Fighting
 - Level 2.2 Short Blades
 - Level 3.0 Polearms
 - Level 2.0 Throwing
 - Level 2.2 Dodging
 - Level 6.8 Stealth
 - Level 3.0 Spellcasting
 - Level 3.0 Conjurations
 + Level 4.7 Evocations


You had 12 spell levels left.
You didn't know any spells.
Your spell library contained the following spells:

 Spells                   Type           Power      Damage    Failure   Level
 Frozen Ramparts          Ice            4%         1d1       52%         3
 Inner Flame              Hex/Fire       2%         N/A       52%         3
 Ozocubu's Armour         Ice            2%         N/A       52%         3
 Vhi's Electric Charge    Tloc/Air       4%         N/A       52%         3
 Flame Wave               Conj/Fire      6%         2d5       71%         4
 Sticky Flame             Conj/Fire      6%         2d3       71%         4
 Iskenderun's Battlesphe  Conj           11%        2d7       85%         5
 Petrify                  Tmut/Erth      2%         N/A       89%         4
 Arcjolt                  Conj/Air       3%         1d13      96%         5
 Metabolic Englaciation   Hex/Ice        1%         N/A       99%         5
 Leda's Unmaking          Conj/Erth      3%         9d1       100%        6
 Ozocubu's Refrigeration  Ice            1%         4d7       100%        7
 Spellforged Servitor     Conj/Summ      3%         N/A       100%        7
 Maxwell's Capacitive Co  Air            1%         ∞         100%        8


Dungeon Overview and Level Annotations

Branches:
Dungeon (6/15)             Temple (1/1) D:5

Altars:
Ashenzari
Cheibriados
Elyvilon
Hepliaklqana
Makhleb
Nemelex Xobeh
Okawaru
Qazlal
Trog
Uskayaw
Wu Jian
Xom
Yredelemnul
Zin
The Shining One

Shops:
D:3 =

Annotations:
D:3 3 runed translucent doors, hackon's ghost, amateur OgFE
D:4 exclusion: downstairs
D:5 exclusion: downstairs, Prince Ribbit
D:6 Pikel


Innate Abilities, Weirdness & Mutations

You cannot wear most types of armour.
You are amphibious.
You can wear up to eight rings at the same time.
Your skin changes colour to match your surroundings (Stealth+).
Your rubbery body absorbs attacks. (AC +1, EV +1)
((You are camouflaged when in or above water. (Stealth+)))
You have tentacles for arms and can constrict up to eight enemies at once.


Message History

The lemure is lightly wounded.
The lemure hits you.
You climb upwards.
Level annotation: exclusion: downstairs, Prince Ribbit
There is a stone staircase leading down here.
You puncture the lemure!
The lemure looks as sick as possible!
You grab the lemure. You squeeze the lemure.
The lemure is heavily wounded.
You constrict the lemure. The lemure closely misses you.
You hit the lemure but do no damage.
The lemure is severely wounded.
You constrict the lemure. The lemure hits you.
You hit the lemure.
The lemure looks as sick as possible!
The lemure is almost dead.
You constrict the lemure.
You kill the lemure!
That felt strangely unrewarding.
No target in view!
No target in view!
You start resting.
HP restored.
You climb downwards.
Level annotation: Pikel The water moccasin barely misses you.
The lemure hits you! The lemure hits you. The water moccasin bites you!
The lemure hits you!
* * * LOW HITPOINT WARNING * * *
The lemure hits you.
* * * LOW HITPOINT WARNING * * *
There is a stone staircase leading up, spattered with blood here.
Okay, then.
The water moccasin bites you.
* * * LOW HITPOINT WARNING * * *
The lemure hits you!
* * * LOW HITPOINT WARNING * * *
The lemure barely misses you. The water moccasin misses you.
You climb upwards.
Level annotation: exclusion: downstairs, Prince Ribbit
There is a stone staircase leading down, spattered with blood here.
You feel yourself speed up. The water moccasin bites you!
You die...

#....#...#....#..'<....+....##..
#....'...#....#..##...##....#...
##..###########..##'####....##..
##..########.##..##...##....##..
#......#...............#....##..
###.....#..........(....#....##..
.##....###.##.##..##...)#........
.##....######.##S.##...#[........
................@.######.######..
.##............55..# ##....####
.###'##.####..##..## #......#
.##..############## #......#
.........).# #......#
.##........# ##....##
###........# #.#### #.........#
#.# #.........# #.#


You could see a water moccasin and 2 lemures.

Vanquished Creatures
  A water moccasin (D:5)
  A lemure (D:5)
  2 scorpions (D:4)
  An orc priest (D:5)
  A hound (D:4)
  A jelly (D:4)
  5 iguanas
  An orc wizard (D:5)
  5 adders
  4 gnolls (D:3)
  A white imp (D:5)
  2 ufetubi
  A worm (D:4)
  5 dart slugs
  16 orcs
  7 bats
  9 endoplasms
  4 giant cockroaches
  16 hobgoblins
  4 jackals (D:5)
  4 quokkas
  7 ball pythons
  4 frilled lizards
  10 goblins
  10 kobolds
  2 rats
124 creatures vanquished.

Notes
Turn   | Place    | Note
-------+----------+-------------------------------------------
     0 | D:5      | GordonOverkill the Octopode Delver began the quest for the
                  | Orb.
     0 | D:5      | Reached XP level 1. HP: 16/16 MP: 1/1
    61 | D:5      | Noticed an iguana
    77 | D:6      | Noticed a hound
   170 | D:4      | Reached XP level 2. HP: 8/21 MP: 2/2
   176 | D:4      | HP: 1/21 [poisoned by an adder]
   314 | D:5      | Noticed Prince Ribbit
   441 | D:4      | Reached skill level 1 in Polearms
   515 | D:4      | Reached XP level 3. HP: 21/26 MP: 3/3
   608 | D:4      | Found a burning altar of Makhleb.
   994 | D:4      | Reached XP level 4. HP: 31/31 MP: 3/5
  1009 | D:4      | Reached skill level 1 in Spellcasting
  1009 | D:4      | Reached skill level 1 in Conjurations
  1172 | D:4      | Noticed a scorpion
  1288 | D:3      | Found a runed translucent gate.
  1288 | D:3      | Found a runed translucent gate.
  1288 | D:3      | Found a runed translucent gate.
  1339 | D:3      | Reached XP level 5. HP: 36/36 MP: 7/7
  1472 | D:3      | Found a stormy altar of Qazlal.
  1526 | D:3      | Found Verah's Jewellery Shoppe.
  1926 | D:3      | Noticed hackon's ghost (amateur OgFE)
  2092 | D:3      | Found an iron altar of Okawaru.
  2096 | D:3      | Found an ornate altar of the Wu Jian Council.
  2796 | D:2      | Found an iron altar of Okawaru.
  3462 | D:1      | Reached XP level 6. HP: 42/42 MP: 9/9
  4446 | D:4      | Reached skill level 1 in Throwing
  4446 | D:4      | Reached skill level 1 in Evocations
  4624 | D:4      | Found a hazy altar of Hepliaklqana.
  5023 | D:5      | Reached XP level 7. HP: 45/46 MP: 11/11
  5663 | D:5      | Found a staircase to the Ecumenical Temple.
  5808 | Temple   | Entered the Ecumenical Temple
  5838 | D:6      | Noticed Pikel
  5882 | D:5      | Slain by a water moccasin

Illustrated notes

Levels and vault maps discovered:
D:1:      dpeg_arrival_morbid_curiosity, layout_basic,
          chequers_hall_statues_wall_a
D:2:      layout_basic, basic_altar, chequers_serial_rivers_micro_c,
          minivault_14, minmay_box_of_dots
D:3:      layout_loops_ring, minitemple, serial_shops, shop,
          gammafunk_ghost_icy, chequers_serial_rivers_small_b, roderic_batcave
D:4:      layout_loops_cross, worldfamousw_hep_ancestral_shrine,
          lightli_temple_of_fire, serial_bayou, serial_bayou_pond_b,
          serial_bayou_shore_b, serial_bayou_pond_a, serial_bayou_lagoon_a,
          serial_bayou_ford_a, serial_bayou_crossing, due_unseen_surprise
D:5:      layout_gridville, minmay_temple_entry_offerings,
          amcnicky_mini_pool_small, uniq_prince_ribbit1
D:6:      layout_gridville, grunt_temple_overflow_magic_moments,
          nicolae_gozag_seed_capital, uniq_pikel
Temple:   zaba_magenta_temple

Skill      XL: |  1  2  3  4  5  6  7 |
---------------+----------------------+-----
Polearms       | 1 2 3 |  3.0
Spellcasting   | 1 2 3 |  3.0
Conjurations   | 1 2 3 |  3.0
Throwing       | 1 2 |  2.0
Evocations     | 2 4 |  4.7
Fighting       | |  3.2
Short Blades   | |  2.2
Dodging        | |  2.2
Stealth        | |  6.8

Action                     |  1- 3 |  4- 6 |  7- 9 || total
---------------------------+-------+-------+-------++-------
  Melee: Short sword       |    10 |       |       ||    10
         Tentacles         |     6 |    27 |    10 ||    43
         Constrict         |     8 |    30 |    17 ||    55
         Spear             |    22 |   173 |    58 ||   253
         Punch             |       |     1 |       ||     1
  Throw: Boomerang         |       |     4 |       ||     4
  Evoke: Wand              |       |     1 |       ||     1
    Use: Potion            |       |     1 |     1 ||     2
         Scroll            |       |     7 |     1 ||     8
   Stab: Sleeping          |     2 |    36 |     1 ||    39
         Distracted        |       |     1 |       ||     1
 Armour: Skin              |     2 |     5 |     2 ||     9
  Dodge: Dodged            |     5 |    63 |    24 ||    92

Table legend: (Time is in decaauts)
 A = Elapsed time spent in this place.
 B = Non-inter-level travel time spent in this place.
 C = Inter-level travel time spent in this place.
 D = Time resting spent in this place.
 E = Time spent auto-exploring this place.
 F = Levels seen in this place.
 G = Mean time per level.
                   A        B        C        D        E       F      G
               +--------+--------+--------+--------+--------+-----+--------+
         Total |   5857 |   5383 |    474 |   1139 |   2794 |   7 |  836.7 |
       Dungeon |   5855 |   5381 |    474 |   1139 |   2794 |   6 |  975.8 |
        Temple |      1 |      1 |      0 |      0 |      0 |   1 |    1.0 |
               +--------+--------+--------+--------+--------+-----+--------+

Top non-repeatable levels by time:
     D:4: 1839 daAuts
     D:5: 1085 daAuts
     D:1: 1016 daAuts
     D:3: 967 daAuts
     D:2: 896 daAuts
     D:6: 51 daAuts
  Temple: 1 daAuts
